 Dungeon Crawl Stone Soup version 0.26-a0-708-g17f3b190f9 (webtiles) character file.

Game seed: 13945833662174113669

113486 marklar909 the Severer (level 16, -1/149 HPs)
             Began as a Hill Orc Monk on Oct 27, 2020.
             Was the Champion of Nemelex Xobeh.
             Slain by a merfolk siren
             ... wielding a +0 spear
              (7 damage)
             ... on level 2 of the Shoals on Oct 28, 2020.
             The game lasted 01:45:47 (41389 turns).

marklar909 the Severer (Hill Orc Monk)             Turns: 41389, Time: 01:45:48

Health: -1/149     AC: 21    Str: 23    XL:     16   Next: 63%
Magic:  23/25      EV: 18    Int:  8    God:    Nemelex Xobeh [******]
Gold:   1665       SH:  5    Dex: 13    Spells: 15/15 levels left

rFire    . . .     SeeInvis .   E - +5 broad axe "Joskiz" {vorpal, +Inv rElec Str+2 Int-2}
rCold    . . .     Faith    .   w - +0 buckler {reflect}
rNeg     . . .     Spirit   .   S - +2 scale mail of Sotsasufatt {+Fly rPois}
rPois    +         Reflect  +   (no helmet)
rElec    +         Harm     .   v - +1 cloak
rCorr    .         Rampage  .   C - +2 pair of gloves {archery}
MR       ++...                  q - +2 pair of boots
Stlth    +.........             O - amulet of regeneration
HPRegen  0.74/turn              T - +4 ring of evasion
MPRegen  0.19/turn              b - ring of protection from magic

@: engulfed (cannot breathe), mesmerised, very slightly contaminated, invisible
A: no striking features
a: Draw Escape, Draw Destruction, Draw Summoning, Triple Draw, Deal Four, Stack
Five, Renounce Religion, Evoke Flight


You were on level 2 of the Shoals.
You worshipped Nemelex Xobeh.
Nemelex Xobeh was exalted by your worship.
You visited 4 branches of the dungeon, and saw 25 of its levels.
You also visited: Ice Cave.

You collected 2602 gold pieces.
You spent 937 gold pieces at shops.

Inventory:

Hand Weapons
 g - a +2 vorpal mace
 E - the +5 broad axe "Joskiz" (weapon) {vorpal, +Inv rElec Str+2 Int-2}
   (You acquired it on level 6 of the Lair of Beasts)

   It inflicts extra damage upon your enemies.
   It affects your strength (+2).
   It affects your intelligence (-2).
   It insulates you from electricity.
   It lets you turn invisible.
 V - a +2 war axe of holy wrath
Missiles
 d - 44 poisoned darts (quivered)
 e - 243 bolts
 D - 14 curare-tipped darts
Armour
 q - a +2 pair of boots (worn)
 v - a +1 cloak (worn)
 w - a +0 buckler of reflection (worn)
 C - a +2 pair of gloves of archery (worn)
 N - a +0 chain mail of fire resistance
 S - the +2 scale mail of Sotsasufatt (worn) {+Fly rPois}
   (You bought it in a shop on level 6 of the Dungeon)

   It protects you from poison.
   It lets you fly.
Jewellery
 b - a ring of protection from magic (right hand)
 c - an uncursed ring of protection from fire
 l - an uncursed ring of resist corrosion
 J - an uncursed ring of positive energy
 O - an amulet of regeneration (around neck)
 T - a +4 ring of evasion (left hand)
 U - an uncursed ring of see invisible
Wands
 h - a wand of disintegration (14)
 s - a wand of flame (43)
 G - a wand of digging (11)
 H - a wand of acid (6)
 P - a wand of polymorph (15)
 Y - a wand of enslavement (10)
Scrolls
 j - 17 scrolls of teleportation
 n - 4 scrolls of amnesia
 o - 14 scrolls of remove curse
 y - a scroll of blinking
 B - a scroll of vulnerability
 I - a scroll of fear
 K - 2 scrolls of identify
 L - 3 scrolls of immolation
 M - a scroll of magic mapping
 R - a scroll of silence
Potions
 a - 8 potions of flight
 f - 3 potions of lignification
 i - 5 potions of haste
 k - 3 potions of resistance
 m - 5 potions of brilliance
 p - a potion of ambrosia
 r - a potion of cancellation
 t - 3 potions of berserk rage
 u - 2 potions of heal wounds
 x - a potion of magic
 z - 2 potions of stabbing
 A - 7 potions of curing
 F - 5 potions of mutation
Miscellaneous
 Q - a box of beasts (3/3)


   Skills:
 + Level 15.1 Fighting
 + Level 18.7(19.0) Axes
 + Level 4.5(11.7) Maces & Flails
 - Level 7.8 Throwing
 + Level 14.0 Armour
 * Level 7.3 Dodging
 + Level 4.1 Stealth
 + Level 4.3 Shields
 * Level 12.4 Invocations
 * Level 5.1 Evocations


You had 15 spell levels left.
You didn't know any spells.
Your spell library contained the following spells:

 Spells                   Type           Power        Failure   Level
 Corona                   Hex            #......      63%         1
 Magic Dart               Conj           #...         63%         1
 Sandblast                Erth           #.....       63%         1
 Shock                    Conj/Air       #...         63%         1
 Sting                    Tmut/Pois      #...         63%         1
 Summon Small Mammal      Summ           #...         63%         1
 Call Imp                 Summ           #.......     77%         2
 Passwall                 Tmut/Erth      #.......     77%         2
 Poisonous Vapours        Pois/Air       #.....       77%         2
 Searing Ray              Conj           #.....       77%         2
 Slow                     Hex            #.......     77%         2
 Call Canine Familiar     Summ           #.......     94%         3
 Dazzling Flash           Conj/Hex       #.....       94%         3
 Ignite Poison            Fire/Tmut/Pois #.......     94%         3
 Inner Flame              Hex/Fire       #.......     94%         3
 Mephitic Cloud           Conj/Pois/Air  #.......     94%         3
 Portal Projectile        Hex/Tloc       #.....       94%         3
 Stone Arrow              Conj/Erth      #.....       94%         3
 Summon Guardian Golem    Hex/Summ       #.......     94%         3
 Cause Fear               Hex            #.........   100%        4
 Fulminant Prism          Conj/Hex       #.........   100%        4
 Ice Form                 Ice/Tmut       #.......     100%        4
 Iskenderun's Mystic Bla  Conj/Tloc      #.......     100%        4
 Leda's Liquefaction      Hex/Erth       #.........   100%        4
 Olgreb's Toxic Radiance  Pois           #.......     100%        4
 Petrify                  Tmut/Erth      #.......     100%        4
 Summon Ice Beast         Ice/Summ       #.......     100%        4
 Summon Lightning Spire   Summ/Air       #.......     100%        4
 Bolt of Magma            Conj/Fire/Erth #.........   100%        5
 Irradiate                Conj/Tmut      #.........   100%        5
 Iskenderun's Battlesphe  Conj           #.......     100%        5
 Lee's Rapid Deconstruct  Erth           #.........   100%        5
 Metabolic Englaciation   Hex/Ice        #.........   100%        5
 Freezing Cloud           Conj/Ice/Air   #.........   100%        6
 Hydra Form               Tmut           #.........   100%        6
 Iron Shot                Conj/Erth      #.........   100%        6
 Ozocubu's Refrigeration  Ice            #.........   100%        6
 Simulacrum               Ice/Necr       #.........   100%        6
 Statue Form              Tmut/Erth      #........    100%        6
 Orb of Destruction       Conj           #.........   100%        7
 Spellforged Servitor     Conj/Summ      #.........   100%        7


Dungeon Overview and Level Annotations

Branches:
Dungeon (15/15)            Temple (0/1) D:7            Lair (6/6) D:8
 Shoals (2/4) Lair:2        Snake (0/4) Lair:4        Slime (0/5) Lair:5
    Orc (2/2) D:9             Elf (0/3) Orc:2        Vaults (0/5) D:13
 Depths (0/5) D:15          IceCv (visited)

Altars:
Dithmenos
Fedhas
Gozag
Nemelex Xobeh
Okawaru
Sif Muna
Trog
Vehumet
Wu Jian
Yredelemnul
Zin
The Shining One
Beogh
Jiyva

Shops:
D:4 *   D:6 [   Orc:2 *[(*

Annotations:
D:14 exclusion: orange crystal statue
Lair:4 exclusion: oklob plant
Shoals:2 Ilsuiw
Orc:2 2 runed translucent doors, exclusion: orange crystal statue


Message History

You destroy the water elemental!
The bolt of acid hits the merfolk siren!
The merfolk siren is splashed with acid.
The merfolk siren is heavily wounded.
The bolt of acid hits the merfolk impaler!
The merfolk impaler is splashed with acid.
The acid corrodes the merfolk impaler!
You kill the merfolk impaler!
The bolt of acid hits the merfolk siren!!
The merfolk siren is splashed with acid.
The acid corrodes the merfolk siren!
The merfolk siren is severely wounded.
* * * LOW HITPOINT WARNING * * *
Your lungs strain for air!
The water elemental hits you!
* * * LOW HITPOINT WARNING * * *
Ilsuiw hits you but does no damage.
The merfolk siren hits you from afar with a +0 spear!
You die...
Your body disappears without a glow.

#.........≈≈.≈≈≈≈≈≈
#..... ..≈≈≈≈≈≈≈≈≈≈≈
###.....##...≈≈≈≈≈≈≈≈≈.
.........##..≈≈≈≈<.....
...............≈≈.....#
.........##.....≈.....#
.^....y...#............
...m).E#h.....?........
#...mm.@y.≈.....≈≈≈...≈
.≈..####.m≈≈.#.<.≈≈≈≈≈≈
≈ #....≈..≈.≈≈≈≈≈≈≈
.≈..≈≈≈≈≈≈≈≈≈≈≈≈≈≈
PP≈≈.≈P≈≈≈≈≈≈≈≈≈≈≈≈≈
≈≈PPP≈≈≈≈≈≈≈≈≈.....(≈≈
≈PPPP≈PP≈≈PP≈≈>......≈
PPPPPPP≈P≈≈≈≈≈..##(.≈≈
PPP..PP≈≈P≈≈≈≈..# #.≈≈


You could see Ilsuiw (poisoned), a merfolk impaler, a water elemental
(summoned), 2 merfolk sirens, a friendly polar bear (summoned) and 2 friendly
killer bees.

Vanquished Creatures
  Roxanne (Shoals:1)
  Donald (Shoals:1)
  An orc warlord (Orc:1)
  Nessos (Lair:4)
  An ettin (D:15)
  A deep elf death mage (D:15)
  2 ogre magi (D:15)
  A merfolk impaler (Shoals:2)
  5 boulder beetles
  Harold (D:8)
  7 hydras
  4 vault guards
  A merfolk avatar (Shoals:1)
  A catoblepas (Lair:6)
  4 centaur warriors
  4 two-headed ogres
  16 death yaks
  A queen ant (Lair:6)
  2 orc high priests (Orc:2)
  A hell knight (D:15)
  A deep elf archer (D:15)
  5 orc knights
  A lindwurm (D:15)
  5 harpies (Shoals:1)
  3 deep elf magi (D:15)
  A wolf spider zombie (D:15)
  3 cyclopes (D:15)
  2 orc sorcerers
  3 manticores
  9 ugly things
  3 ice statues (IceCv)
  Maurice (D:8)
  3 merfolk sirens
  14 elephants
  Joseph (D:8)
  3 black mambas
  A water nymph (Shoals:1)
  12 cane toads
  A gargoyle (D:11)
  An eye of devastation (D:15)
  5 komodo dragons
  4 centaur skeletons
  2 yaktaurs (D:15)
  A freezing wraith (D:15)
  A kobold demonologist (D:12)
  A rime drake (Lair:5)
  A jumping spider (D:12)
  5 merfolk (Shoals:1)
  8 trolls
  3 meliai (D:14)
  10 slime creatures
  A snapping turtle (Shoals:1)
  5 hornets (Lair:6)
  2 dream sheep (Lair:6)
  A shadow (D:14)
  A water elemental (Shoals:2)
  10 spriggans (Lair:6)
  2 wraiths (D:11)
  A vampire (D:11)
  9 wyverns
  45 yaks
  4 basilisks
  3 vampire mosquitoes
  A warg (Orc:2)
  An acid dragon (D:15)
  Duvessa (D:6)
  11 water moccasins
  9 black bears
  An ice beast (D:11)
  A phantom (D:13)
  A swamp drake (IceCv)
  29 orc warriors
  5 sky beasts
  2 necrophages
  4 boggarts
  14 ogres
  22 centaurs
  13 wolves
  4 big kobolds
  23 bullfrogs
  Dowan (D:6)
  A wyvern skeleton (D:13)
  20 killer bees
  7 scorpions
  23 wights
  3 howler monkeys (D:7)
  5 centaur zombies
  2 lava snakes (D:14)
  5 bullfrog zombies
  5 hounds
  22 orc priests
  4 bullfrog skeletons
  7 iguanas
  8 jellies
  30 orc wizards
  12 worker ants
  5 hell rats (Lair:6)
  A hound zombie (D:7)
  A hound skeleton (D:6)
  2 worker ant zombies
  10 adders
  A shadow imp (D:9)
  3 white imps
  An ufetubus (D:5)
  An ooze (D:5)
  An adder skeleton (D:4)
  An adder zombie (D:8)
  2 worms
  5 dart slugs
  2 leopard geckos
  104 orcs
  3 ball pythons
  3 bats
  6 giant cockroaches
  7 goblins
  4 hobgoblins
  16 jackals
  5 quokkas
  2 frilled lizards
  24 kobolds
  A leopard gecko skeleton (D:7)
  A quokka skeleton (D:5)
  A quokka zombie (D:5)
  8 rats
  2 bushes (Lair:6)
774 creatures vanquished.

Vanquished Creatures (collateral kills)
  4 hydras
  A merfolk avatar (Shoals:1)
  A centaur warrior (D:15)
  2 death yaks
  An orc high priest (Orc:2)
  5 ugly things (D:15)
  A black mamba (Lair:3)
  A gargoyle (D:12)
  2 komodo dragons
  A troll (D:11)
  5 spriggans
  2 wyverns
  5 yaks
  7 water moccasins
  2 orc warriors
  2 black bears (Lair:6)
  2 boggarts (Lair:6)
  8 wolves (Lair:6)
  3 bullfrogs
  2 iguanas
  An adder (D:4)
  2 dart slugs (D:2)
  A leopard gecko (D:2)
  An orc (Orc:2)
62 creatures vanquished.

Vanquished Creatures (others)
  An orc (D:3)
  55 fungi
  67 plants
123 creatures vanquished.

Grand Total: 959 creatures vanquished

Notes
Turn   | Place    | Note
-------+----------+-------------------------------------------
     0 | D:1      | marklar909 the Hill Orc Monk began the quest for the Orb.
     0 | D:1      | Reached XP level 1. HP: 19/19 MP: 1/1
   174 | D:1      | Reached XP level 2. HP: 25/27 MP: 2/2
   739 | D:1      | Found a sparkling altar of Nemelex Xobeh.
   894 | D:1      | Became a worshipper of Nemelex Xobeh the Trickster
   894 | D:1      | Reached * piety under Nemelex Xobeh
   894 | D:1      | Received a gift from Nemelex Xobeh
   894 | D:1      | Reached ** piety under Nemelex Xobeh
   917 | D:2      | Received a gift from Nemelex Xobeh
   927 | D:2      | Reached XP level 3. HP: 16/33 MP: 3/3
  1238 | D:2      | Reached skill level 5 in Axes
  1347 | D:2      | Reached XP level 4. HP: 41/41 MP: 4/4
  1445 | D:2      | Found a shimmering blue altar of Sif Muna.
  1647 | D:2      | Found a faded altar of an unknown god.
  1873 | D:3      | Reached skill level 1 in Invocations
  2123 | D:3      | Reached XP level 5. HP: 43/47 MP: 5/5
  2234 | D:3      | Reached skill level 1 in Armour
  2425 | D:3      | Found a blossoming altar of Fedhas.
  2864 | D:3      | Reached skill level 5 in Fighting
  3039 | D:4      | Found Gigamn's Elemental Accessories.
  3043 | D:4      | Reached *** piety under Nemelex Xobeh
  3088 | D:4      | Reached XP level 6. HP: 30/56 MP: 7/7
  3297 | D:4      | Reached skill level 6 in Axes
  3304 | D:4      | Found an opulent altar of Gozag.
  4372 | D:4      | Found an opulent altar of Gozag.
  4385 | D:4      | Found a bloodstained altar of Trog.
  4684 | D:4      | Found a radiant altar of Vehumet.
  4980 | D:5      | Entered Level 5 of the Dungeon
  4980 | D:5      | Noticed a water moccasin
  5065 | D:5      | Found a shadowy altar of Dithmenos.
  5076 | D:5      | Noticed a water moccasin
  5107 | D:5      | Killed a water moccasin
  5107 | D:5      | Reached XP level 7. HP: 32/61 MP: 9/9
  5138 | D:5      | HP: 3/61 [water moccasin (7)]
  5145 | D:4      | HP: 3/61 [poisoned by a water moccasin]
  5609 | D:5      | Reached skill level 7 in Axes
  6046 | D:5      | Reached skill level 1 in Throwing
  6101 | D:5      | Received a gift from Nemelex Xobeh
  6149 | D:5      | Reached XP level 8. HP: 58/70 MP: 11/11
  6936 | D:5      | Reached skill level 8 in Axes
  6947 | D:5      | Reached skill level 5 in Invocations
  7168 | D:6      | Found an ornate altar of the Wu Jian Council.
  7183 | D:6      | Reached **** piety under Nemelex Xobeh
  7678 | D:6      | Found Geirox's Antique Armour Emporium.
  7949 | D:6      | Noticed Duvessa
  7961 | D:6      | Noticed Dowan
  7977 | D:6      | Killed Duvessa
  7988 | D:6      | Killed Dowan
  8573 | D:6      | Found a sparkling altar of Nemelex Xobeh.
  8573 | D:6      | Found an iron altar of Okawaru.
  8723 | D:7      | Reached XP level 9. HP: 67/73 MP: 13/13
  8983 | D:7      | Reached skill level 9 in Axes
  9233 | D:7      | Found a staircase to the Ecumenical Temple.
  9342 | D:7      | Reached skill level 5 in Armour
  9903 | D:7      | Found a glowing golden altar of the Shining One.
 10490 | D:8      | Noticed Joseph
 10514 | D:7      | Reached XP level 10. HP: 56/84 MP: 15/15
 10639 | D:7      | Reached skill level 10 in Axes
 10888 | D:8      | Killed Joseph
 11523 | D:8      | Noticed Maurice
 11972 | D:8      | Killed Maurice
 11972 | D:8      | Reached skill level 5 in Throwing
 11996 | D:8      | Found a staircase to the Lair.
 12530 | D:8      | Found a basalt altar of Yredelemnul.
 12530 | D:8      | Found a glowing silver altar of Zin.
 12591 | D:8      | Noticed Harold
 12932 | D:8      | Killed Harold
 12932 | D:8      | Reached skill level 11 in Axes
 12932 | D:8      | Reached skill level 5 in Dodging
 13227 | D:8      | Received a gift from Nemelex Xobeh
 13461 | D:9      | Noticed a two-headed ogre
 13490 | D:9      | Killed a two-headed ogre
 13778 | D:9      | Found a staircase to the Orcish Mines.
 13844 | D:9      | Reached XP level 11. HP: 69/92 MP: 16/16
 14250 | D:9      | Reached ***** piety under Nemelex Xobeh
 14250 | D:9      | Received a gift from Nemelex Xobeh
 14419 | D:9      | Found a roughly hewn altar of Beogh.
 14439 | D:9      | Reached skill level 12 in Axes
 15564 | D:10     | Entered Level 10 of the Dungeon
 16035 | D:10     | Received a gift from Nemelex Xobeh
 16369 | D:11     | Received a gift from Nemelex Xobeh
 17501 | D:11     | Received a gift from Nemelex Xobeh
 18085 | D:12     | Noticed a deep elf mage
 18098 | D:12     | Reached skill level 13 in Axes
 18115 | D:12     | a deep elf mage changed into a jumping spider
 18168 | D:12     | Noticed a seven-headed hydra
 18173 | D:12     | Killed a seven-headed hydra
 18262 | D:12     | Noticed a brown ugly thing
 18268 | D:12     | Killed a brown ugly thing
 18586 | D:12     | You fall into a shaft and drop 2 floors!
 18709 | D:14     | Reached XP level 12. HP: 86/102 MP: 18/18
 19233 | D:12     | Noticed a seven-headed hydra
 19249 | D:12     | Killed a seven-headed hydra
 19323 | D:12     | Received a gift from Nemelex Xobeh
 19512 | D:12     | Noticed a five-headed hydra
 19745 | Lair:1   | Entered Level 1 of the Lair of Beasts
 20087 | Lair:1   | Noticed a six-headed hydra
 20088 | Lair:1   | Banished a six-headed hydra
 20088 | Lair:1   | Reached skill level 10 in Fighting
 20088 | Lair:1   | Reached skill level 14 in Axes
 20996 | Lair:1   | Received a gift from Nemelex Xobeh
 21480 | Lair:2   | Reached skill level 10 in Invocations
 22128 | Lair:2   | Received a gift from Nemelex Xobeh
 22134 | Lair:2   | Noticed an eight-headed hydra
 22137 | Lair:2   | Killed an eight-headed hydra
 22250 | Lair:2   | Found a staircase to the Shoals.
 22753 | Lair:2   | Reached skill level 10 in Armour
 22753 | Lair:2   | Reached XP level 13. HP: 94/111 MP: 20/20
 23015 | Lair:3   | Reached ****** piety under Nemelex Xobeh
 23027 | Lair:3   | Received a gift from Nemelex Xobeh
 23744 | Lair:3   | Received a gift from Nemelex Xobeh
 24031 | Lair:4   | Noticed Nessos
 24055 | Lair:4   | Killed Nessos
 24387 | Lair:4   | Found a staircase to the Snake Pit.
 24509 | Lair:4   | Reached skill level 15 in Axes
 24533 | Lair:4   | Reached skill level 1 in Maces & Flails
 25117 | Lair:4   | Identified the Guide on Combat Magic
 25767 | Lair:5   | Reached XP level 14. HP: 126/126 MP: 22/22
 26294 | Lair:5   | Received a gift from Nemelex Xobeh
 26631 | Lair:5   | Found a viscous altar of Jiyva.
 26632 | Lair:5   | Found a staircase to the Slime Pits.
 28487 | Lair:6   | Entered Level 6 of the Lair of Beasts
 29981 | Lair:6   | Received a gift from Nemelex Xobeh
 30663 | Lair:6   | HP: 2/129 [ten-headed hydra (7)]
 31620 | Lair:6   | Paralysed by a hornet for 2 turns
 31627 | Lair:6   | Identified the +1 trident of Barghu {flame, *Drain rElec
                  | rC+ Int+3}
 31646 | Lair:6   | Paralysed by a hornet for 1 turns
 31802 | Lair:6   | Received a gift from Nemelex Xobeh
 32181 | Lair:6   | Identified a scroll of acquirement
 32181 | Lair:6   | Acquired the +5 broad axe "Joskiz" {vorpal, +Inv rElec
                  | Str+2 Int-2}
 32626 | Orc:1    | Entered Level 1 of the Orcish Mines
 32661 | Orc:2    | Entered Level 2 of the Orcish Mines
 32679 | Orc:2    | Reached XP level 15. HP: 113/136 MP: 24/24
 32833 | Orc:2    | Found a runed translucent door.
 32907 | Orc:2    | Reached skill level 16 in Axes
 32961 | Orc:2    | Reached skill level 1 in Shields
 33056 | Orc:1    | Found a frozen archway.
 33135 | IceCv    | Entered an ice cave
 33862 | Orc:1    | Noticed an orc warlord
 33868 | Orc:1    | Killed an orc warlord
 34168 | Orc:2    | Found a staircase to the Elven Halls.
 34171 | Orc:2    | Received a gift from Nemelex Xobeh
 34355 | Orc:2    | Found the +10 tower shield of Ignorance {rN+ Int-4}
 34358 | Orc:2    | Found a runed translucent door.
 34700 | Orc:2    | Found Zeostupn's Armour Boutique.
 34700 | Orc:2    | Found Baymoob's Assorted Antiques.
 34705 | Orc:2    | Found Rote's Weapon Shoppe.
 34705 | Orc:2    | Found Wozxa's Assorted Antiques.
 34714 | Orc:2    | Bought a scroll labeled MITIASU HESOEB for 28 gold pieces
 34714 | Orc:2    | Bought a scroll labeled OBRAERIATZ for 28 gold pieces
 34714 | Orc:2    | Bought a potion of curing for 84 gold pieces
 34714 | Orc:2    | Bought a crooked fluorescent wand for 112 gold pieces
 34714 | Orc:2    | Bought a short fluorescent wand for 112 gold pieces
 35292 | D:13     | Reached skill level 17 in Axes
 35297 | D:13     | Found a gate to the Vaults.
 35299 | D:13     | Reached skill level 1 in Evocations
 36600 | D:13     | Received a gift from Nemelex Xobeh
 37203 | D:14     | Received a gift from Nemelex Xobeh
 38241 | D:15     | Entered Level 15 of the Dungeon
 38404 | D:15     | Reached XP level 16. HP: 105/147 MP: 25/25
 38464 | D:15     | Reached skill level 18 in Axes
 38787 | D:15     | Received a gift from Nemelex Xobeh
 39471 | D:15     | Found a staircase to the Depths.
 40028 | D:6      | Bought a tiger eye-encrusted chain mail for 294 gold pieces
 40028 | D:6      | Bought a smoking scale mail for 279 gold pieces
 40028 | D:6      | Identified the cursed +0 chain mail of the Game of Life
                  | {rN+++ Regen+ Str-5 Int-4} (You bought it in a shop on
                  | level 6 of the Dungeon)
 40029 | D:6      | Identified the +2 scale mail of Sotsasufatt {+Fly rPois}
                  | (You bought it in a shop on level 6 of the Dungeon)
 40235 | Shoals:1 | Entered Level 1 of the Shoals
 40338 | Shoals:1 | Received a gift from Nemelex Xobeh
 40583 | Shoals:1 | Identified Roxanne's Grimoire of Shape Shifting
 40583 | Shoals:1 | Noticed Roxanne
 40616 | Shoals:1 | Reached skill level 15 in Fighting
 40685 | Shoals:1 | Noticed Donald
 40693 | Shoals:1 | Killed Donald
 40861 | Shoals:1 | Received a gift from Nemelex Xobeh
 41142 | Shoals:1 | Killed Roxanne
 41142 | Shoals:1 | Reached skill level 5 in Evocations
 41365 | Shoals:2 | Noticed Ilsuiw
 41389 | Shoals:2 | HP: 6/149 [water elemental[Ilsuiw] (16)]
 41389 | Shoals:2 | Slain by a merfolk siren

Illustrated notes

Levels and vault maps discovered:
D:1:      lightli_arrival_boilingwater, layout_loops_ring,
          nemelex_diamond_rough_becter
D:2:      layout_basic, lemuel_blue_sif_altar, chequers_ecumenical_altar_simple
D:3:      layout_basic, overflow_temple_1_default
D:4:      layout_basic, grunt_temple_overflow_open, lemuel_crystal_altar,
          nicolae_elemental_shop, nicolae_gozag_cash_rules_everything_around_me
D:5:      layout_loops_corners, grunt_dithmenos_smoke, kennysheep_generic_room_6
D:6:      layout_rooms, gammafunk_temple_overflow_wave, kennysheep_mini,
          serial_shops, kennysheep_little_box, minmay_stone_trees_medium,
          uniq_duvessa
D:7:      layout_basic, marbit_many_paths, minmay_temple_entry_glassed_door
D:8:      layout_loops_cross, gammafunk_temple_overflow_elements,
          lair_entry_dummy, nicolae_benzene_ring, uniq_maurice, uniq_joseph,
          uniq_harold
D:9:      layout_basic, minmay_orc_entry_temple_small
D:10:     layout_irregular_city, grunt_ministairs_15
D:11:     layout_loops_ring, enter_bailey_2
D:12:     minmay_razor_zed, layout_basic
D:13:     layout_roguey, lightli_vaults_fourway_checkpoint
D:14:     layout_basic, disabler_island
D:15:     hangedman_depths_entry_civil_slaughter, layout_stronghold,
          minmay_misc_feat_nine_boxes
Lair:1:   layout_cave_pods
Lair:2:   wad_woods_tower, layout_regular_city,
          minmay_shoals_entry_lonely_mermaid, cheibrodos_lair_caveside_slide,
          chequers_serial_rivers_micro_e, patterned_corridor
Lair:3:   layout_chaotic_city, st_stairs_13
Lair:4:   layout_loops_ring, guppyfry_snake_entry_island,
          minmay_lair_oklob_chamber, uniq_nessos
Lair:5:   layout_misc_corridors, dpeg_slime_entry_enclosed_altar
Lair:6:   minmay_lair_end_enchanted_forest, layout_small_grid,
          nicolae_lair_yak_garden
Shoals:1: layout_shoals, uniq_roxanne, uniq_donald
Shoals:2: layout_shoals, lemuel_oklob_altar, uniq_jorgrun, uniq_ilsuiw
Orc:1:    layout_diamond_mine, portal_ice_cave_entry_pillars_2, rock_pile
Orc:2:    grunt_orc_tribal_feast, layout_diamond_mine,
          chequers_guarded_unrand_ignorance

Skill      XL: |  1  2  3  4  5  6  7  8  9 10 11 12 13 14 15 16 |
---------------+-------------------------------------------------+-----
Fighting       | 4 5 6 7 8 9 10 12 13 14 15 | 15.1
Axes           | 5 6 7 8 9 11 13 14 15 17 18 | 18.7
Invocations    | 1 2 3 4 5 7 8 10 11 12 | 12.4
Armour         | 2 3 4 5 7 8 10 11 13 14 | 14.0
Dodging        | 3 4 5 6 7 |  7.3
Stealth        | 2 3 4 |  4.1
Throwing       | 1 2 4 5 6 7 |  7.8
Maces & Flails | 1 4 |  4.5
Shields        | 3 4 |  4.3
Evocations     | 3 5 |  5.1

Action                   |  1- 3 |  4- 6 |  7- 9 | 10-12 | 13-15 | 16-18 || total
-------------------------+-------+-------+-------+-------+-------+-------++-------
Melee: Hand axe          |    56 |   212 |   400 |   850 |   793 |       ||  2311
       War axe           |       |       |       |    48 |       |       ||    48
       Dire flail        |       |       |       |       |    72 |       ||    72
       Broad axe         |       |       |       |       |   535 |   219 ||   754
       Mace              |       |       |       |       |     5 |       ||     5
Throw: Dart              |       |    10 |   104 |   109 |   127 |    18 ||   368
Invok: Draw Summoning    |     1 |     3 |     1 |     6 |    19 |     7 ||    37
       Draw Destruction  |     5 |     8 |     7 |    26 |    36 |    14 ||    96
       Draw Escape       |     1 |     4 |     2 |     8 |     5 |     3 ||    23
       Triple Draw       |       |       |       |     1 |     4 |     1 ||     6
       Deal Four         |       |       |       |       |     1 |       ||     1
 Abil: Evoke Invisibilit |       |       |       |       |       |     1 ||     1
Evoke: Wand              |       |       |     2 |     3 |       |     1 ||     6
  Use: Scroll            |       |     8 |     9 |     7 |    13 |     4 ||    41
       Potion            |       |     4 |       |       |     2 |     1 ||     7
 Stab: Sleeping          |     1 |     2 |       |       |       |       ||     3
       Distracted        |       |       |     1 |       |     5 |     1 ||     7
       Invisible         |       |       |       |       |       |     1 ||     1
Armor: Robe              |    13 |       |       |       |       |       ||    13
       Leather armour    |       |    34 |     9 |    48 |       |       ||    91
       Ring mail         |       |       |   130 |     4 |       |       ||   134
       Chain mail        |       |       |       |   312 |   679 |    51 ||  1042
       Scale mail        |       |       |       |       |       |    23 ||    23
Dodge: Dodged            |    48 |   124 |   262 |   360 |   809 |   126 ||  1729
Block: Buckler           |       |       |       |       |    81 |    45 ||   126
       Reflection        |       |       |       |       |    12 |     9 ||    21

Table legend: (Time is in decaauts)
 A = Elapsed time spent in this place.
 B = Non-inter-level travel time spent in this place.
 C = Inter-level travel time spent in this place.
 D = Time resting spent in this place.
 E = Time spent auto-exploring this place.
 F = Levels seen in this place.
 G = Mean time per level.
                   A        B        C        D        E       F      G
               +--------+--------+--------+--------+--------+-----+--------+
         Total |  40620 |  35929 |   4691 |   9076 |  19867 |  26 | 1562.3 |
       Dungeon |  26117 |  23039 |   3078 |   5949 |  13056 |  15 | 1741.1 |
          Lair |  11128 |   9839 |   1289 |   2296 |   5608 |   6 | 1854.7 |
        Shoals |   1207 |   1135 |     72 |    315 |    501 |   2 |  603.5 |
  Orcish Mines |   1530 |   1280 |    250 |    118 |    702 |   2 |  765.0 |
      Ice Cave |    636 |    636 |      0 |    398 |      0 |   1 |  636.0 |
               +--------+--------+--------+--------+--------+-----+--------+

Top non-repeatable levels by time:
     D:7: 3273 daAuts
    D:12: 2744 daAuts
  Lair:5: 2681 daAuts
     D:9: 2569 daAuts
     D:4: 2416 daAuts
  Lair:6: 2024 daAuts
  Lair:2: 1933 daAuts
     D:5: 1806 daAuts
     D:8: 1759 daAuts
  Lair:4: 1730 daAuts
    D:14: 1628 daAuts
  Lair:1: 1620 daAuts
     D:6: 1530 daAuts
    D:11: 1524 daAuts
     D:3: 1464 daAuts
